 Dungeon Crawl Stone Soup version 0.29-a0-283-ga02f740833 (webtiles) character file.

Game seed: 11191574793021104070

1263 Anunax the Changer (level 8, 0/61 HPs)
             Began as a Ghoul Wanderer on Mar 13, 2022.
             Slain by Dowan
             ... wielding a +1 dagger of pain
              (1 damage)
             ... on level 7 of the Dungeon.
             The game lasted 00:23:11 (6693 turns).

Anunax the Changer (Ghoul Wanderer)                 Turns: 6693, Time: 00:23:12

Health: 0/61       AC:  5    Str: 22    XL:     8   Next: 52%
Magic:  10/12      EV: 11    Int:  9    God:
Gold:   351        SH:  0    Dex:  8    Spells: 13/14 levels left

rFire   + . .      SeeInvis +   s - +10 mace of Gozag {drain, rF+ rC++}
rCold   + + +      Faith    .   (no shield)
rNeg    + + +      Spirit   .   d - +0 leather armour
rPois   ∞          Reflect  .   (no helmet)
rElec   .          Harm     .   (no cloak)
rCorr   .          Rampage  .   (no gloves)
Will    .....                   v - +1 pair of boots
Stlth   +.........              (no amulet)
HPRegen 0.00/turn               f - ring of see invisible
MPRegen 0.13/turn               h - +6 ring of strength

@: flying, inhibited regen
A: claws 1, cold resistance 1, negative energy resistance 3, inhibited
regeneration, torment resistance 2
a: no special abilities


You were on level 7 of the Dungeon.
You visited 1 branch of the dungeon, and saw 7 of its levels.

You collected 351 gold pieces.

Inventory:

Hand Weapons
 a - a +0 dagger
 g - a +1 dagger of venom
 p - a +3 dagger of flaming
 s - the +10 mace of Gozag (weapon) {drain, rF+ rC++}
   (You took it off a kobold on level 2 of the Dungeon)

   A truly terrible weapon, it drains the life of any living foe it strikes.
   rF:        It protects you from fire.
   rC:        It greatly protects you from cold.
 E - a +1 dagger of electrocution
 F - a +2 dagger of draining
Missiles
 b - 17 poisoned darts (quivered)
 m - a throwing net
Armour
 d - a +0 leather armour (worn)
 v - a +1 pair of boots (worn)
Jewellery
 f - a ring of see invisible (left claw)
 h - a +6 ring of strength (right claw)
 r - an amulet of faith
 A - a +4 ring of protection
 D - a ring of protection from fire
 G - a +6 ring of strength
Wands
 z - a wand of flame (9)
Scrolls
 i - 3 scrolls of blinking {unknown}
 k - 2 scrolls of noise {unknown}
 l - 3 scrolls of vulnerability {unknown}
 n - 7 scrolls of identify {unknown}
 t - a scroll of enchant armour {unknown}
 u - 5 scrolls of immolation {unknown}
 x - 2 scrolls of holy word {unknown}
 y - a scroll of teleportation {unknown}
 I - a scroll of fear {unknown}
Potions
 c - a potion of haste
 j - 3 potions of curing {unknown}
 o - 3 potions of heal wounds {unknown}
 q - 2 potions of invisibility {unknown}
 w - 2 potions of might
 B - a potion of berserk rage {unknown}
 C - 3 potions of brilliance {unknown}
 H - a potion of attraction {unknown}


   Skills:
 + Level 2.2 Fighting
 + Level 0.3 Short Blades
 + Level 3.9 Maces & Flails
 + Level 1.8 Throwing
 + Level 2.5 Armour
 + Level 2.4 Dodging
 + Level 0.7 Stealth
 + Level 3.8 Spellcasting
 + Level 4.8 Transmutations
 + Level 2.6 Fire Magic
 + Level 3.4 Poison Magic


You had 13 spell levels left.
You knew the following spells:

 Your Spells              Type           Power      Damage    Failure   Level
a - Sting                 Tmut/Pois      36%        1d4       6%          1

Your spell library contained the following spells:

 Spells                   Type           Power      Damage    Failure   Level
 Foxfire                  Conj/Fire      16%        2x1d4     19%         1
 Passwall                 Tmut/Erth      5%         N/A       19%         2
 Ignite Poison            Fire/Tmut/Pois 8%         N/A       22%         3
 Ensorcelled Hibernation  Hex/Ice        2%         N/A       43%         2
 Conjure Flame            Conj/Fire      4%         6-21      50%         3
 Inner Flame              Hex/Fire       4%         N/A       50%         3
 Gell's Gravitas          Tloc           1%         N/A       67%         3
 Lesser Beckoning         Tloc           1%         N/A       67%         3
 Swiftness                Air            1%         N/A       67%         3
 Teleport Other           Tloc           1%         N/A       67%         3
 Petrify                  Tmut/Erth      6%         N/A       75%         4
 Sticky Flame             Conj/Fire      4%         2d3       88%         4
 Irradiate                Conj/Tmut      3%         3d14      97%         5
 Summon Hydra             Summ           0%         N/A       100%        7
 Wereblood                Tmut           Unusable   N/A       N/A         2
 Sublimation of Blood     Necr           Unusable   N/A       N/A         2

Dungeon Overview and Level Annotations

Branches:
Dungeon (7/15)             Temple (0/1) D:4

Altars:
Cheibriados

Shops:
D:1 (

Annotations:
D:7 Dowan


Innate Abilities, Weirdness & Mutations

You thrive by killing the living.
You are immune to poison.
You have sharp fingernails.
Your flesh is cold resistant. (rC+)
You are immune to negative energy. (rN+++)
You do not regenerate when monsters are visible.
You are immune to unholy pain and torment.


Message History

Dowan seems to find hidden reserves of power!
Dowan says, "Magic will overcome all!"
Dowan points at you and mumbles some strange words.
The stone arrow misses you.
The wight hits you from afar with a +0 trident!
Casting: Sting (safe; 6% risk of failure)
Confirm with . or Enter, or press ? or * to list all spells.
Aiming: Sting (safe; 6% risk of failure)
Press: ? - help, Shift-Dir - straight line, f - Dowan
Aim: Dowan, wielding a +1 dagger of pain and wearing a +2 robe of fire resistance (fast, strong, 56% to hit)
The sting misses Dowan.
Dowan hits you with a +1 dagger of pain.
The wight hits you from afar with a +0 trident.
You hit Dowan. You drain Dowan.
Dowan is moderately wounded.
Dowan casts a spell at you. The stone arrow hits you!
* * * LOW HITPOINT WARNING * * *
The wight barely misses you.
Dowan hits you with a +1 dagger of pain.
* * * LOW HITPOINT WARNING * * *
You barely miss Dowan.
Dowan is moderately wounded.
Dowan points at you and mumbles some strange words.
The stone arrow hits you.
* * * LOW HITPOINT WARNING * * *
The wight closely misses you. Dowan misses you.
You closely miss Dowan.
Dowan is moderately wounded.
The wight hits you from afar with a +0 trident.
* * * LOW HITPOINT WARNING * * *
Dowan hits you with a +1 dagger of pain!
* * * LOW HITPOINT WARNING * * *
Your magical contamination has completely faded away.
It was a potion of flight.
You feel very buoyant.
You fly up into the air.
Dowan hits you but does no damage. The wight closely misses you.
Dowan hits you with a +1 dagger of pain.
You die...

#
##.########
#.###
.#######<..#
.........#.#
##########.#
#.# #.#
######.#
#....#@#
#.#.#..#e##
#......z..#
#...#.#####
.........
####...###
..... ##.#..
#....


You could see Dowan (fast, strong, very drained) and a wight.

Vanquished Creatures
  Duvessa (D:7)
  A black bear (D:5)
  An ice beast (D:6)
  An ogre (D:5)
  A bullfrog (D:6)
  6 killer bees
  A hound (D:4)
  2 jellies
  A gnoll shaman (D:6)
  Jessica (D:3)
  An iguana (D:4)
  6 orc wizards
  Robin (D:3)
  3 gnolls (D:6)
  5 adders
  2 white imps
  An ufetubus (D:6)
  2 worms (D:3)
  3 dart slugs
  20 orcs
  6 ball pythons
  5 endoplasms
  4 giant cockroaches
  19 goblins
  6 hobgoblins
  8 jackals
  3 quokkas
  6 bats
  3 frilled lizards (D:1)
  6 kobolds
  7 rats
133 creatures vanquished.

Notes
Turn   | Place    | Note
-------+----------+-------------------------------------------
     0 | D:1      | Anunax the Ghoul Wanderer began the quest for the Orb.
     0 | D:1      | Anunax set off with the following items: a +0 dagger, 11
                  | poisoned darts, a potion of haste, a +0 leather armour; and
                  | the following spells available to memorise: Sting, Foxfire,
                  | Passwall, Ignite Poison, Inner Flame
     0 | D:1      | Reached XP level 1. HP: 14/14 MP: 2/2
     2 | D:1      | Learned a level 1 spell: Sting
   205 | D:1      | Reached XP level 2. HP: 17/20 MP: 0/3
   299 | D:1      | Found Iqimahoa's Antique Weapon Boutique.
  1326 | D:2      | Found a faded altar of an unknown god.
  1357 | D:1      | Reached XP level 3. HP: 21/26 MP: 5/5
  1485 | D:2      | Identified the +10 mace of Gozag {drain, rF+ rC++}
  1529 | D:2      | Reached skill level 3 in Transmutations
  1764 | D:2      | Reached skill level 1 in Armour
  1774 | D:2      | Reached XP level 4. HP: 33/33 MP: 6/6
  2292 | D:3      | Noticed Jessica
  2303 | D:3      | Killed Jessica
  2304 | D:3      | Reached skill level 1 in Poison Magic
  2314 | D:3      | Noticed Robin
  2331 | D:3      | Killed Robin
  2332 | D:3      | Reached skill level 1 in Dodging
  2516 | D:3      | Reached XP level 5. HP: 39/39 MP: 4/7
  2564 | D:3      | You fall into a shaft and drop 2 floors!
  2564 | D:5      | Entered Level 5 of the Dungeon
  2582 | D:5      | Noticed an ogre
  2597 | D:5      | Killed an ogre
  2598 | D:5      | Reached skill level 1 in Maces & Flails
  2930 | D:4      | Reached skill level 1 in Fighting
  2930 | D:4      | Reached XP level 6. HP: 41/47 MP: 7/9
  3293 | D:4      | Reached skill level 4 in Transmutations
  3696 | D:4      | Found a staircase to the Ecumenical Temple.
  3702 | D:4      | Reached XP level 7. HP: 52/52 MP: 7/10
  5869 | D:6      | Reached XP level 8. HP: 41/60 MP: 9/12
  5996 | D:6      | Found a snail-covered altar of Cheibriados.
  6675 | D:7      | Noticed Duvessa
  6676 | D:7      | Noticed Dowan
  6688 | D:7      | Killed Duvessa
  6692 | D:7      | HP: 1/61 [Dowan/+1 dagger of pain (7)]
  6693 | D:7      | Slain by Dowan

Illustrated notes

Levels and vault maps discovered:
D:1:      roderic_dead_forest, layout_basic, serial_shops,
          nicolae_shop_window_shopping
D:2:      layout_rooms, basic_ecumenical_altar
D:3:      layout_loops_ring, feat_on_display, uniq_jessica, uniq_robin
D:4:      layout_basic, minmay_temple_entry_offerings
D:5:      layout_basic, kennysheep_generic_room_16
D:6:      layout_cave_pods, mainiacjoe_overflow_alcove_1
D:7:      layout_basic, hellmonk_guarded_unrand_zhor, uniq_prince_ribbit1,
          uniq_menkaure, uniq_duvessa

Skill      XL: |  1  2  3  4  5  6  7  8 |
---------------+-------------------------+-----
Spellcasting   | 2 3 |  3.8
Transmutations | 3 4 |  4.8
Armour         | 1 2 |  2.5
Poison Magic   | 1 2 3 |  3.4
Dodging        | 1 2 |  2.4
Maces & Flails | 1 2 3 |  3.9
Fighting       | 1 2 |  2.2
Short Blades   | |  0.3
Throwing       | |  1.8
Stealth        | |  0.7
Fire Magic     | |  2.6

Action                   |  1- 3 |  4- 6 |  7- 9 || total
-------------------------+-------+-------+-------++-------
Melee: Dagger            |    67 |       |       ||    67
       Mace              |    21 |    58 |   114 ||   193
       Punch             |       |     1 |     1 ||     2
 Cast: Sting             |    29 |    42 |    56 ||   127
  Use: Scroll            |       |     1 |       ||     1
       Potion            |       |       |     1 ||     1
Armor: Leather armour    |    35 |    20 |    33 ||    88
Dodge: Dodged            |    57 |    35 |    61 ||   153

Table legend: (Time is in decaauts)
 A = Elapsed time spent in this place.
 B = Non-inter-level travel time spent in this place.
 C = Inter-level travel time spent in this place.
 D = Time resting spent in this place.
 E = Time spent auto-exploring this place.
 F = Levels seen in this place.
 G = Mean time per level.
                   A        B        C        D        E       F      G
               +--------+--------+--------+--------+--------+-----+--------+
         Total |   6751 |   6411 |    340 |   1717 |   3711 |   7 |  964.4 |
       Dungeon |   6751 |   6411 |    340 |   1717 |   3711 |   7 |  964.4 |
               +--------+--------+--------+--------+--------+-----+--------+

Top non-repeatable levels by time:
     D:3: 1352 daAuts
     D:1: 1268 daAuts
     D:5: 1262 daAuts
     D:4: 1038 daAuts
     D:6: 974 daAuts
     D:2: 795 daAuts
     D:7: 59 daAuts
